 Dungeon Crawl Stone Soup version 0.21-a0-91-ga5031da (webtiles) character file.

397 4thArraOfDagon the Slasher (level 6, -3/70 HPs)
             Began as a Demonspawn Chaos Knight on June 30, 2017.
             Slain by Prince Ribbit (8 damage)
             ... on level 6 of the Dungeon.
             The game lasted 00:07:37 (2173 turns).

4thArraOfDagon the Slasher (DsCK)                   Turns: 2173, Time: 00:07:37

Health: -3/70      AC: 23    Str: 12    XL:     6   Next: 53%
Magic:  6/6        EV:  2    Int: 21    God:    Xom [*.....]
Gold:   71         SH:  0    Dex: 17    Spells: 5/5 levels left

rFire    . . .     SeeInvis .   x - +6 double sword (slice)
rCold    . . .     Gourm    .   (no shield)
rNeg     + + +     Faith    .   (armour currently unavailable)
rPois    +         Spirit   .   (helmet currently unavailable)
rElec    .         Reflect  .   (cloak currently unavailable)
rCorr    +         Harm     .   (gloves currently unavailable)
MR       .....     NoTele   +   (boots currently unavailable)
Stlth    +++++.....             (no amulet)
HPRegen  0.21/turn              r - ring of resist corrosion
MPRegen  0.10/turn              (no ring)

@: brilliant, agile, tree-form, very slightly contaminated, invisible
A: nightstalker 2, no potion heal 1, subdued magic 1
a: Renounce Religion


You were on level 6 of the Dungeon.
You worshipped Xom.
You were a special plaything of Xom.
You were not hungry.
You were a tree.
You visited 1 branch of the dungeon, and saw 6 of its levels.
You also visited: Ossuary.

You collected 71 gold pieces.

Inventory:

Hand Weapons
 a - a +0 falchion of chaos
 m - a +0 long sword
 p - a cursed -1 short sword
 x - a +6 double sword of slicing (weapon)
Missiles
 t - 6 curare-tipped needles
Armour
 b - a +2 leather armour
 e - a cursed +0 chain mail (melded)
 y - a +1 cloak of invisibility
Jewellery
 r - a ring of resist corrosion (left branch)
Scrolls
 l - a scroll of acquirement
 s - a scroll of teleportation {unknown}
 u - a scroll of remove curse {unknown}
 w - a scroll of magic mapping {unknown}
Potions
 f - a potion of cancellation
 g - a potion of agility
 k - a potion of brilliance
 n - a potion of haste {unknown}
 v - a potion of invisibility
Comestibles
 c - 2 bread rations
 d - 2 meat rations


   Skills:
 - Level 3.0 Fighting
 * Level 5.1 Long Blades
 + Level 3.4 Armour
 + Level 3.0 Dodging


You had 5 spell levels left.
You didn't know any spells.

Dungeon Overview and Level Annotations

Branches:
Dungeon (6/15)
 Temple: D:4-7

Altars:
Ashenzari

Annotations:
D:6 Prince Ribbit


Innate Abilities, Weirdness & Mutations

You are significantly more attuned to the shadows.
((You have a pair of small horns on your head.))
Potions are less effective at restoring your health.
Your spells are a little easier to cast, but a little less powerful.


Message History

Unknown command.
You feel better. Prince Ribbit closely misses you.
It was a potion of agility.
You feel agile all of a sudden. Prince Ribbit closely misses you.
Prince Ribbit hits you!
* * * LOW HITPOINT WARNING * * *
Unknown command.
It was a potion of brilliance.
You feel clever all of a sudden. Prince Ribbit completely misses you.
It was a potion of lignification.
You turn into a tree.
Your cursed +0 chain mail melds into your body.
Your roots penetrate the ground.
Prince Ribbit hits you but does no damage.
It was a potion of mutation.
You feel extremely strange.
Your system partially rejects the healing effects of potions.
Your connection to magic feels subdued.
A pair of horns grows on your head! Prince Ribbit hits you!
You die...
Xom chortles!

# # #####
###########....
#...........### ######
#..........## #
#....#####..........# #
#.....F♣....).......# #
#....#####..........# #
#####...##..........####
#...##..........#...
#...##..........#...
..###############...
..## ..... #.. ##### #..


You could see Prince Ribbit.

Vanquished Creatures
  An ogre (D:4)
  A centaur zombie (Ossuary)
  A bullfrog skeleton (D:6)
  2 big kobold zombies (Ossuary)
  2 mummies (Ossuary)
  4 adders
  A shadow imp (D:5)
  An ooze (D:3)
  An adder zombie (Ossuary)
  An adder skeleton (D:4)
  A dart slug (D:2)
  A leopard gecko (D:2)
  6 orcs
  5 bats
  A giant cockroach (D:3)
  A goblin (D:3)
  5 hobgoblins
  A kobold (D:3)
  A quokka (D:6)
  A frilled lizard (D:4)
  2 goblin zombies (Ossuary)
  12 hobgoblin zombies (Ossuary)
  2 jackal zombies (Ossuary)
  6 kobold zombies (Ossuary)
  A leopard gecko zombie (D:5)
  8 orc zombies (Ossuary)
  A quokka zombie (D:4)
  2 rat zombies
72 creatures vanquished.

Vanquished Creatures (collateral kills)
  Menkaure (D:4)
  An iguana (D:4)
2 creatures vanquished.

Grand Total: 74 creatures vanquished

Notes
Turn   | Place    | Note
-------+----------+-------------------------------------------
     0 | D:1      | 4thArraOfDagon the Demonspawn Chaos Knight began the quest for the Orb.
     0 | D:1      | Reached XP level 1. HP: 18/18 MP: 1/1
    34 | D:1      | Reached skill level 1 in Dodging
    39 | D:1      | You fall through a shaft!
   221 | D:4      | Gained mutation: You are slightly more attuned to the shadows. [demonic ancestry]
   221 | D:4      | Reached XP level 2. HP: 4/24 MP: 2/2
   222 | D:4      | HP: 1/24 [orc/tomahawk (3)]
   225 | D:4      | Noticed Menkaure
   229 | D:4      | XOM: blink monster(s)
   256 | D:4      | XOM: cast spell 'Summon Mana Viper'
   264 | D:4      | Reached skill level 3 in Long Blades
   266 | D:4      | Killed Menkaure
   266 | D:4      | Reached XP level 3. HP: 6/29 MP: 3/3
   266 | D:4      | Gained mutation: You are significantly more attuned to the shadows. [demonic ancestry]
   266 | D:4      | Reached XP level 4. HP: 7/35 MP: 4/4
   393 | D:4      | Found a sand-covered staircase.
   401 | Ossuary  | Entered an ossuary
   659 | Ossuary  | Reached skill level 4 in Long Blades
   686 | Ossuary  | XOM: confusion (+ monsters)
   817 | Ossuary  | Reached XP level 5. HP: 16/41 MP: 5/5
  1276 | D:2      | XOM: potion effect (haste)
  1576 | D:3      | XOM: harmless Summ miscast
  1627 | D:4      | XOM: 4-stop teleportation journey
  1673 | D:4      | Noticed an ogre
  1682 | D:4      | Killed an ogre
  1682 | D:4      | Reached skill level 5 in Long Blades
  1682 | D:4      | Reached XP level 6. HP: 8/47 MP: 6/6
  1944 | D:5      | Entered Level 5 of the Dungeon
  2027 | D:6      | Found a shattered altar of Ashenzari.
  2154 | D:6      | Noticed Prince Ribbit
  2158 | D:6      | Identified 3 scrolls of acquirement
  2173 | D:6      | Gained mutation: Potions are less effective at restoring your health. [potion of mutation]
  2173 | D:6      | Gained mutation: Your spells are a little easier to cast, but a little less powerful. [potion of mutation]
  2173 | D:6      | Gained mutation: You have a pair of small horns on your head. [potion of mutation]
  2173 | D:6      | Slain by Prince Ribbit

Vault maps used:
D:1:      dpeg_arrival_lava_temple_mockup, kennysheep_another_room
D:2:      first_bread, minmay_pentomino_q4
D:4:      temple_hall, enter_ossuary_4, serial_park_tiny_pond,
          grunt_decor_one_mirror, minmay_misc_feat_x, patterned_corridor,
          uniq_duvessa, uniq_menkaure
D:5:      cheibrodos_barr_body, basic_altar, minivault_5,
          minmay_item_behind_shaft, fedhas_altar_3, uniq_grinder
D:6:      minmay_goblin_kobold_castle, nicolae_ashenzari_panopticon,
          uniq_prince_ribbit1
Ossuary:  ossuary_tomb_1

Skill      XL: |  1  2  3  4  5  6 |
---------------+-------------------+-----
Dodging        | 1 2 3 |  3.0
Armour         | 2 3 |  3.4
Long Blades    | 3 4 5 |  5.1
Fighting       | |  3.0

Action                   |  1- 3 |  4- 6 || total
-------------------------+-------+-------++-------
Melee: Falchion          |    15 |   291 ||   306
  Use: Scroll            |       |     6 ||     6
       Potion            |       |     7 ||     7
 Stab: Confused          |       |     4 ||     4
       Paralysed         |       |     3 ||     3
  Eat: Chunk             |       |     2 ||     2
       Bread ration      |       |     1 ||     1
Armor: Chain mail        |    10 |   141 ||   151
       Skin              |       |     1 ||     1
Dodge: Dodged            |     7 |    78 ||    85
       Rpst.: Falchion   |     3 |    20 ||    23
